 Dungeon Crawl Stone Soup version 0.31-a0-182-gc5ef74bbde (webtiles) character file.

Game seed: 3465279576665602235

23 qw the Shield-Bearer (level 2, -5/19 HPs)
             Began as a Gargoyle Fighter on June 20, 2023.
             Slain by a goblin
             ... wielding a +2 dagger of distortion
              (7 damage)
             ... on level 2 of the Dungeon.
             The game lasted 00:00:23 (650 turns).

qw the Shield-Bearer (Gargoyle Fighter)              Turns: 650, Time: 00:00:24

Health: -5/19      AC:  9    Str: 19    XL:     2   Next: 95%
Magic:  2/2        EV:  9    Int:  8    God:
Gold:   23         SH:  4    Dex:  9    Spells: 1/1 levels left

rFire   . . .        Y - +0 war axe
rCold   . . .        c - +0 buckler
rNeg    + . .        b - +0 scale mail
rPois   inf          (no helmet)
rElec   +            (no cloak)
rCorr   .            (no gloves)
SInv    .            (no boots)
Will    .....        (no amulet) Stlth
                     (no ring)
HPRegen 0.23/turn    (no ring)
MPRegen 0.08/turn

%: no passive effects
@: no status effects
A: sickness immunity, AC +2, negative energy resistance 1, electricity
resistance, torment resistance 1, petrification resistance
a: no special abilities


You were on level 2 of the Dungeon.
You visited 1 branch of the dungeon, and saw 2 of its levels.

You collected 23 gold pieces.


Innate Abilities, Weirdness & Mutations

You are immune to sickness and miasma.
Your stone body is resilient. (AC +2)
You are immune to poison.
You resist negative energy. (rN+)
You are resistant to electric shocks. (rElec)
You are resistant to unholy torment.
You are immune to petrification.


   Skills:
 - Level 3.2 Fighting
 + Level 3.0 Axes
 - Level 3.2 Armour
 - Level 3.2 Shields


You had one spell level left.
You didn't know any spells.
Your spell library was empty.

Inventory:

Hand Weapons
 g - a +0 mace
 Y - a +0 war axe (weapon)
Armour
 b - a +0 scale mail (worn)
 c - a +0 buckler (worn)
Scrolls
 a - a scroll of identify
Potions
 d - 2 potions of might
 f - a potion of curing {unknown}
 h - a potion of ambrosia {unknown}

Dungeon Overview and Level Annotations

Branches:
Dungeon (2/15)

Altars:


Message History

There is a stone staircase leading up here.
An endoplasm comes into view.
The endoplasm quivers.
The endoplasm moves out of view.
An endoplasm is nearby!
You barely miss the endoplasm. The endoplasm freezes you.
You are frozen.
You hit the endoplasm.
You kill the endoplasm!
You start resting.
HP restored.
Found a stone staircase leading down.
A dart slug and a bat come into view.
The bat hits you but does no damage. The dart slug launches a dart at you.
The slug dart misses you. The bat hits you but does no damage.
The dart slug launches a dart at you. The slug dart hits you.
The bat misses you.
You slash the bat!
You kill the bat!
You hit the dart slug.
The dart slug is lightly wounded.
The dart slug bites you but does no damage.
You hit the dart slug.
The dart slug is severely wounded.
The dart slug bites you but does no damage.
You slash the dart slug!
You kill the dart slug!
Your Axes skill increases to level 3!
You start resting.
HP restored.
A goblin comes into view.
It is wielding a +2 dagger of distortion.
You barely miss the goblin. The goblin hits you but does no damage.
Space warps horribly around you!
Ouch! That really hurt!
The goblin hits you with a +2 dagger of distortion.
Space warps around you!
You die...

###### ######....#
#....#.##.######
#....#.##.#....####
+..%.............>#
#.###....#.####....##.#
#......@%..............
#..###[g...####....##.#
. +.................
#.....###.....##.#
#....#....#.### #
#.#.......#.#
#.##.#.#.......
#...<#.####...#
#.#..#.# .....


You could see a goblin.

Vanquished Creatures
  A dart slug (D:2)
  A ball python (D:1)
  2 endoplasms
  4 giant cockroaches (D:1)
  2 hobgoblins (D:1)
  2 quokkas (D:1)
  2 bats
  A frilled lizard (D:1)
  2 kobolds (D:1)
17 creatures vanquished.

Notes
Turn   | Place    | Note
-------+----------+-------------------------------------------
     0 | D:1      | qw the Gargoyle Fighter began the quest for the Orb.
     0 | D:1      | Reached XP level 1. HP: 14/14 MP: 1/1
     0 | D:1      | 0 ||| qw: Version: 0.3-a-9-g12657ce
     0 | D:1      | 0 ||| qw: Game counter: 1486
     0 | D:1      | 0 ||| qw: Always use a shield: true
     0 | D:1      | 0 ||| qw: God list: Okawaru
     0 | D:1      | 0 ||| qw: Allow faded altars: false
     0 | D:1      | 0 ||| qw: Do Orc after D:15 true
     0 | D:1      | 0 ||| qw: Do second Lair branch before Depths: true
     0 | D:1      | 0 ||| qw: Lair rune preference: random
     0 | D:1      | 0 ||| qw: Plans: Normal, Zot:1-4, Slime:5, God:TSO, Crypt,
                  | Tomb, Abyss, Pan, Hells, Win
     0 | D:1      | 0 ||| PLANNING D:1-11
    77 | D:1      | 77 ||| Stepping ~*~*~tactically~*~*~ (stealth).
    90 | D:1      | Reached XP level 2. HP: 15/19 MP: 2/2
   557 | D:1      | 557 ||| READING 2 scrolls labelled JAR KIEHUWK.
   558 | D:1      | 558 ||| READING scroll labelled SUMOESEGE.
   584 | D:2      | 584 ||| STAIRDANCE
   637 | D:2      | Reached skill level 3 in Axes
   650 | D:2      | HP: 4/19 [goblin/+2 dagger of distortion (15)]
   650 | D:2      | Slain by a goblin

Levels and vault maps discovered:
D:1:      ncdulo_lavacross, layout_rooms, nrook_mini_backslash, hex_tiny,
          minmay_misc_feat_tower, st_stairs_10
D:2:      layout_basic, kennysheep_generic_room_9, uniq_sigmund

Skill      XL: |  1  2 |
---------------+-------+-----
Axes           | 2 3 |  3.0
Fighting       | |  3.2
Armour         | |  3.2
Shields        | |  3.2

Action                     || total
---------------------------++-------
  Melee: War axe           ||    65
    Use: Scroll            ||     2
 Armour: Scale mail        ||    28
  Dodge: Dodged            ||    32
  Block: Buckler           ||    15

Table legend:
 A = Non-vault XP
 B = Vault XP
 C = Vault XP percentage of total XP
 D = Non-vault monster count
 E = Vault monster count
 F = Vault count percentage of total count
                 A         B        C        D         E       F
            +---------+---------+-------+---------+---------+-------
      Total |      27 |       6 |  18.2 |      14 |       3 |  17.6
            +---------+---------+-------+---------+---------+-------
        D:1 |      19 |       6 |  24.0 |      11 |       3 |  21.4
        D:2 |       8 |       0 |   0.0 |       3 |       0 |   0.0
            +---------+---------+-------+---------+---------+-------
